 Dungeon Crawl Stone Soup version 0.19-a0-376-gf780d9b (webtiles) character file.

92 Loading the Cudgeler (level 4, -7/73 HPs)
             Began as an Ogre Berserker on May 30, 2016.
             Was a Believer of Trog.
             Mangled by a gnoll
             ... wielding a +0 halberd
              (11 damage)
             ... on level 2 of the Dungeon.
             The game lasted 00:02:14 (1122 turns).

Loading the Cudgeler (Ogre Berserker)               Turns: 1122, Time: 00:02:15

Health: -7/73      AC:  3    Str: 27    XL:     4   Next: 60%
Magic:  4/4        EV: 10    Int:  6    God:    Trog [**....]
Gold:   85         SH:  0    Dex: 10    Spells: 0 memorised, 3 levels left

rFire  . . .     SeeInvis .     a - +0 mace
rCold  . . .     Gourm    .     b - +0 animal skin
rNeg   . . .     Faith    .     (no shield)
rPois  .         Spirit   .     (helmet restricted)
rElec  .         Dismiss  .     (no cloak)
rCorr  .         Reflect  .     (gloves unavailable)
SustAt .         Harm     .     (boots unavailable)
MR     .....                    (no amulet)
Stlth  ..........               (no ring)
                                (no ring)

@: berserking, very quick, not resistant to hostile enchantments, extremely
unstealthy
A: unfitting armour, tough skin 1
a: Berserk, Trog's Hand, Burn Spellbooks, Renounce Religion


You were on level 2 of the Dungeon.
You worshipped Trog.
Trog was pleased with you.
You were not hungry.

You visited 1 branch of the dungeon, and saw 2 of its levels.

You collected 85 gold pieces.

Inventory:

Hand Weapons
 a - a +0 mace (weapon)
Armour
 b - a +0 animal skin (worn)
Wands
 o - a wand of disintegration (13/24)
Scrolls
 e - a scroll of recharging {unknown}
 g - 2 scrolls of blinking {unknown}
 i - 2 scrolls of identify {unknown}
 j - a scroll of enchant armour {unknown}
 m - a scroll of immolation {unknown}
 n - a scroll of magic mapping {unknown}
 p - 3 scrolls of enchant weapon {unknown}
Potions
 h - 2 potions of curing {unknown}
 l - 2 potions of haste {unknown}
Comestibles
 c - a bread ration
 d - 4 chunks of flesh
 f - a meat ration
 k - a beef jerky


   Skills:
 + Level 4.3 Fighting
 * Level 5.4 Maces & Flails
 + Level 1.3 Armour
 + Level 3.2 Dodging


You had 3 spell levels left.
You didn't know any spells.

Dungeon Overview and Level Annotations

Branches:
Dungeon (2/15)

Altars:


Innate Abilities, Weirdness & Mutations

You are too large for most types of armour.
You have tough skin. (AC +1)


Message History

The gnoll closely misses you.
The gnoll hits you from afar with a halberd.
* * * LOW HITPOINT WARNING * * *
The gnoll hits you with a club.
* * * LOW HITPOINT WARNING * * *
Unknown command.
Unknown command.
Unknown command.
Unknown command.
Unknown command.
Unknown command.
Unknown command.
Unknown command.
Unknown command.
Unknown command.
Unknown command.
You closely miss the gnoll.
The gnoll is heavily wounded.
The gnoll hits you from afar with a halberd!
You die...

...# #.##.# ##.##
##.###.#..# #
#......#.##.##.#
#.............$. #
####.....).....##.#
#.#.................#
.##>........รท....###...
.....gg..........# ##
####.#@#........#
#.gg.#....(......
....(.....###.######
####....### #.# #..#.#
.# .....# .. .#.#...
#.#. .#.


You could see 4 gnolls.

Vanquished Creatures
  Jessica (D:2)
  2 adders (D:2)
  A worm (D:2)
  3 dart slugs (D:1)
  2 giant geckos (D:1)
  2 giant cockroaches (D:2)
  4 goblins
  2 hobgoblins (D:1)
  2 jackals (D:1)
  A quokka (D:2)
  A ball python (D:1)
  7 bats
  3 giant newts (D:1)
  4 kobolds (D:1)
  6 rats
41 creatures vanquished.

Notes
Turn   | Place    | Note
--------------------------------------------------------------
     0 | D:1      | Loading the Ogre Berserker began the quest for the Orb.
     0 | D:1      | Reached XP level 1. HP: 24/24 MP: 1/1
    89 | D:1      | Reached XP level 2. HP: 32/32 MP: 2/2
   469 | D:1      | Reached XP level 3. HP: 26/39 MP: 3/3
   494 | D:1      | Reached ** piety under Trog
   654 | D:1      | Reached skill level 5 in Maces & Flails
   804 | D:2      | Noticed Jessica
   811 | D:2      | Killed Jessica
   811 | D:2      | Reached skill level 1 in Armour
   811 | D:2      | Reached XP level 4. HP: 43/48 MP: 4/4
  1122 | D:2      | Mangled by a gnoll

Vault maps used:
D:1:      dpeg_arrival_rooms_a
D:2:      gammafunk_temple_overflow_statue, uniq_iyjb, uniq_jessica

Skill      XL: |  1  2  3 |
---------------+----------+-----
Dodging        | 3 |  3.2
Maces & Flails | 5 |  5.4
Armour         | 1 |  1.3
Fighting       | |  4.3

Action                   |  1- 3 |  4- 6 || total
-------------------------+-------+-------++-------
Melee: Mace              |    87 |    37 ||   124
Invok: Berserk           |       |     1 ||     1
  Eat: Chunk             |       |     1 ||     1
Armor: Animal skin       |    25 |    14 ||    39
Dodge: Dodged            |    56 |    29 ||    85
